 Dungeon Crawl Stone Soup version 0.25-a0-492-g44cc58d149 (console) character file.

Game seed: 2079225446644033700, levelgen mode: deterministic

76430 surprisetrex the Executioner (level 15, -9/145 HPs)
             Began as a Minotaur Berserker on Feb 10, 2020.
             Was a High Priest of Trog.
             Mangled by an azure jelly (15 damage)
             ... on level 1 of the Pits of Slime on Feb 11, 2020.
             The game lasted 02:51:52 (32875 turns).

surprisetrex the Executioner (Minotaur Berserker)  Turns: 32875, Time: 02:51:52

Health: -9/145     AC: 17    Str: 26    XL:     15   Next: 12%
Magic:  11/14      EV:  8    Int:  1    God:    Trog [*****.]
Gold:   1497       SH:  0    Dex: 11    Spells: 14/14 levels left

rFire    . . .     SeeInvis +   b - +2 executioner's axe (flame)
rCold    + . .     Gourm    .   (shield currently unavailable)
rNeg     + . .     Faith    .   z - +0 plate armour {MR+}
rPois    +         Spirit   .   P - +2 hat
rElec    +         Reflect  .   O - +0 cloak {rPois}
rCorr    .         Harm     .   C - +1 pair of gloves
MR       ++++.                  t - +0 pair of boots
Stlth    ..........             Y - amulet of the acrobat
HPRegen  0.34/turn              p - ring of protection from magic
MPRegen  0.14/turn              K - ring "Hobromit" {rElec rC+ rN+ Int-4 SInv}

@: no status effects
A: retaliatory headbutt, claws 1, hooves 1, horns 2, see invisible, deformed
body, magic resistance 1, MP-powered wands
a: Berserk, Trog's Hand, Brothers in Arms, Renounce Religion


You were on level 1 of the Pits of Slime.
You worshipped Trog.
Trog was extremely pleased with you.
You were not hungry.

You visited 6 branches of the dungeon, and saw 26 of its levels.

You collected 2999 gold pieces.
You spent 1502 gold pieces at shops.

Inventory:

Hand Weapons
 a - a +2 shortbow of flaming
 b - a +2 executioner's axe of flaming (weapon)
Missiles
 j - 578 arrows
 y - 69 poisoned darts (quivered)
 N - 7 curare-tipped darts
Armour
 t - a +0 pair of boots (worn)
 z - a +0 plate armour of magic resistance (worn)
 C - a +1 pair of gloves (worn)
 O - a +0 cloak of poison resistance (worn)
 P - a +2 hat (worn)
Jewellery
 f - an uncursed ring of resist corrosion
 m - an uncursed ring of ice
 p - a ring of protection from magic (left hand)
 v - a cursed ring of fire
 w - a +2 ring of protection
 K - the ring "Hobromit" (right hand) {rElec rC+ rN+ Int-4 SInv}
   (You found it on level 9 of the Dungeon)

   [ring of see invisible]

   It affects your intelligence (-4).
   It protects you from cold.
   It insulates you from electricity.
   It protects you from negative energy.
   It lets you see invisible.
 U - an uncursed ring of positive energy
 Y - an amulet of the acrobat (around neck)
Wands
 o - a wand of polymorph (4)
 D - a wand of enslavement (10)
 G - a wand of clouds (6)
 L - a wand of flame (39)
 T - a wand of iceblast (6)
 W - a wand of paralysis (4)
 Z - a wand of acid (15)
Scrolls
 h - 5 scrolls of identify
 i - 6 scrolls of enchant weapon
 k - 7 scrolls of remove curse
 l - a scroll of silence
 n - 2 scrolls of immolation
 q - 2 scrolls of fog
 r - 9 scrolls of teleportation
 u - 2 scrolls of blinking
 E - 3 scrolls of enchant armour
 H - 2 scrolls of holy word
 J - 3 scrolls of magic mapping
 Q - 3 scrolls of fear
 X - a scroll of torment
Potions
 d - 6 potions of magic
 e - 3 potions of might
 g - a potion of brilliance
 s - 3 potions of agility
 x - a potion of ambrosia
 A - 2 potions of lignification {unknown}
 B - 5 potions of flight
 F - 4 potions of berserk rage
 I - 3 potions of curing
 R - a potion of cancellation
 S - 4 potions of haste
Comestibles
 c - 37 rations
 M - 3 chunks of flesh


   Skills:
 - Level 16.5 Fighting
 * Level 22.5 Axes
 - Level 10.9 Armour
 - Level 2.1 Dodging
   Level 4.4 Shields


You had 14 spell levels left.
You didn't know any spells.
Your spell library was empty.

Dungeon Overview and Level Annotations

Branches:
Dungeon (15/15)            Temple (1/1) D:6            Lair (6/6) D:10
  Swamp (0/4) Lair:2       Spider (1/4) Lair:4        Slime (1/5) Lair:6
    Orc (2/2) D:11            Elf (0/3) Orc:2        Vaults (0/5) D:14
 Depths (0/5) D:15

Altars:
Ashenzari
Cheibriados
Dithmenos
Elyvilon
Fedhas
Gozag
Hepliaklqana
Kikubaaqudgha
Makhleb
Nemelex Xobeh
Okawaru
Qazlal
Ru
Sif Muna
Trog
Uskayaw
Vehumet
Wu Jian
Xom
Yredelemnul
Zin
The Shining One
Beogh

Shops:
D:8 (   D:14 ?   Orc:2 [}[!

Annotations:
D:5 1 runed translucent door, Rasan's ghost, novice MfFi
D:6 3 runed translucent doors, tilp's ghost, novice TeAE
D:11 3 runed translucent doors, Torious's ghost, journeyman DECj
Lair:2 exclusion: oklob plant
Lair:3 exclusion: oklob plant
Lair:5 exclusion: 2 oklob plants


Innate Abilities, Weirdness & Mutations

You reflexively headbutt those who attack you in melee.
You have a pair of horns on your head.
You have sharp fingernails.
You have large cloven feet.
You have supernaturally acute eyesight. (SInv)
Armour fits poorly on your strangely shaped body.
You are resistant to hostile enchantments. (MR+)
You expend magic power (3 MP) to strengthen your wands.


Message History

Press: ? - help, Shift-Dir - straight line, f - azure jelly
Aim: an azure jelly (severely wounded)
You feel a surge of power!
The puff of flame hits the azure jelly!
The azure jelly is burned terribly!
The azure jelly is severely wounded.
The azure jelly hits you.
* * * LOW HITPOINT WARNING * * *
The azure jelly freezes you! You resist.
* * * LOW HITPOINT WARNING * * *
The azure jelly hits you but does no damage. x3
You feel better. The azure jelly closely misses you. The azure jelly hits you.
* * * LOW HITPOINT WARNING * * *
The azure jelly freezes you!! You resist.
* * * LOW HITPOINT WARNING * * *
The azure jelly barely misses you.
The azure jelly hits you but does no damage.
You feel better. The azure jelly hits you.
* * * LOW HITPOINT WARNING * * *
The azure jelly freezes you! You resist.
You die...

..........#.......
#.#..#.....#.....
#.^...........#
#........#...#..
.##.........#.....
.............# ..
....#........#....
...................
#......@J..>......#
##.................
#..............#.#
#..............## #
.....#...........
.....###.#^.......
#.#.# ####.#.##..
#### ####


You could see an azure jelly.

Vanquished Creatures
  Gastronok (D:9)
  5 dire elephants (Lair:6)
  An ogre mage (D:15)
  A yaktaur captain (D:14)
  2 hydras (Lair:6)
  An anaconda (Lair:6)
  2 catoblepae
  4 two-headed ogres
  5 centaur warriors
  2 tengu warriors
  2 unseen horrors
  Pikel (D:6)
  A harpy (shapeshifter) (D:14)
  4 orc knights
  An orb spider (Spider:1)
  3 ugly things
  2 deep elf magi (D:15)
  2 wolf spiders
  8 cyclopes
  A manticore (D:14)
  Joseph (D:7)
  A black mamba (Lair:5)
  Maurice (D:8)
  2 gargoyles
  4 elephants (Lair:6)
  3 demonic crawlers
  2 efreet
  Maggie (D:7)
  4 komodo dragons
  2 yaktaurs (D:14)
  8 spiny frogs
  4 rime drakes (Lair:6)
  2 tengu conjurers
  2 trolls
  A jumping spider (Spider:1)
  Prince Ribbit (D:7)
  13 blink frogs
  Grinder (D:3)
  11 hippogriffs
  6 dream sheep
  A shadow (D:15)
  Sigmund (D:2)
  7 redbacks
  A tarantella (Spider:1)
  33 yaks
  3 fire bats (Orc:1)
  2 vampires
  12 wyverns
  2 hungry ghosts
  3 basilisks
  Grum (D:8)
  8 vampire mosquitoes
  Menkaure (D:4)
  6 wargs
  2 hell hounds (Lair:6)
  7 porcupines
  13 water moccasins
  47 orc warriors
  7 black bears
  3 sky beasts
  4 slaves (D:5)
  A phantom (D:6)
  28 centaurs
  13 ogres
  9 crocodiles
  6 wolves
  A big kobold (D:12)
  A wyvern zombie (D:6)
  19 bullfrogs
  A water moccasin zombie (D:10)
  4 scorpions
  21 killer bees
  3 wights (D:13)
  An electric eel (Lair:1)
  4 howler monkeys
  12 crimson imps
  2 quasits
  A bullfrog skeleton (D:5)
  4 bullfrog zombies
  7 centaur skeletons
  2 centaur zombies
  21 jellies
  11 orc priests
  7 hounds
  2 iguanas
  Ijyb (D:4)
  Natasha (thrice) (D:3)
  27 orc wizards
  16 worker ants
  A killer bee zombie (D:10)
  2 hound zombies
  3 hound skeletons
  A howler monkey zombie (D:9)
  2 worker ant zombies
  16 adders
  7 gnolls
  3 shadow imps
  An ooze (D:2)
  4 worms
  2 dart slugs
  2 leopard geckos
  90 orcs
  10 bats
  4 giant cockroaches
  A gnoll zombie (D:4)
  9 goblins
  7 hobgoblins
  4 jackals (D:3)
  10 kobolds
  4 quokkas
  7 frilled lizards
  A jackal zombie (D:4)
  2 leopard gecko skeletons
  A quokka skeleton (D:4)
  6 rats
  A rat zombie (D:4)
  A fungus (Lair:2)
  5 plants
718 creatures vanquished.

Vanquished Creatures (collateral kills)
  4 hydras
  Erica (D:8)
  An orc warrior (D:9)
  A necrophage (D:8)
  13 orcs
20 creatures vanquished.

Vanquished Creatures (others)
  10 fungi
  13 plants
23 creatures vanquished.

Grand Total: 761 creatures vanquished

Notes
Turn   | Place    | Note
-------+----------+-------------------------------------------
     0 | D:1      | surprisetrex the Minotaur Berserker began the quest for the
                  | Orb.
     0 | D:1      | Reached XP level 1. HP: 19/19 MP: 0/0
   134 | D:1      | Reached skill level 4 in Axes
   174 | D:1      | Reached XP level 2. HP: 27/27 MP: 1/1
   553 | D:2      | Found a shimmering altar of Xom.
   555 | D:2      | Found a sparkling altar of Nemelex Xobeh.
   615 | D:2      | Reached XP level 3. HP: 33/33 MP: 2/2
   637 | D:2      | Reached skill level 5 in Axes
   954 | D:2      | Reached XP level 4. HP: 40/40 MP: 3/3
  1063 | D:2      | Reached skill level 6 in Axes
  1198 | D:2      | Reached ** piety under Trog
  1305 | D:2      | Noticed Sigmund
  1463 | D:2      | Killed Sigmund
  1463 | D:2      | Reached skill level 8 in Axes
  1463 | D:2      | Reached XP level 5. HP: 46/46 MP: 4/4
  1502 | D:2      | Reached XP level 6. HP: 49/52 MP: 5/5
  2114 | D:3      | Noticed Natasha
  2122 | D:3      | Killed Natasha
  2388 | D:3      | Found a hazy altar of Hepliaklqana.
  2401 | D:3      | Reached skill level 9 in Axes
  2456 | D:3      | Noticed Grinder
  2470 | D:3      | Killed Grinder
  2470 | D:3      | Reached XP level 7. HP: 19/58 MP: 6/6
  2530 | D:3      | Noticed Natasha
  2539 | D:3      | Killed Natasha
  2539 | D:3      | Reached skill level 10 in Axes
  2817 | D:3      | Noticed Natasha
  2824 | D:3      | Killed Natasha
  3275 | D:4      | Found a sand-covered staircase.
  3350 | D:4      | Reached skill level 5 in Fighting
  3444 | D:4      | Found a sacrificial altar of Ru.
  3482 | D:4      | Noticed Menkaure
  3505 | D:4      | Killed Menkaure
  3662 | D:4      | Noticed Ijyb
  3682 | D:4      | Killed Ijyb
  3748 | D:4      | Found a hide-covered altar of Uskayaw.
  3751 | D:4      | Found a shattered altar of Ashenzari.
  4220 | D:5      | Entered Level 5 of the Dungeon
  4277 | D:5      | Reached XP level 8. HP: 66/73 MP: 7/7
  4564 | D:5      | Got a spiked chain mail
  4575 | D:5      | Identified the cursed +0 chain mail of Valour {+Inv} (You
                  | found it on level 5 of the Dungeon)
  4606 | D:5      | Reached *** piety under Trog
  4699 | D:5      | Found a runed translucent door.
  4705 | D:5      | Noticed Rasan's ghost (novice MfFi)
  4750 | D:5      | Found a glowing silver altar of Zin.
  4864 | D:6      | Found a runed translucent gate.
  4864 | D:6      | Found a runed translucent gate.
  4886 | D:6      | Found a runed translucent gate.
  4888 | D:6      | Noticed tilp's ghost (novice TeAE)
  5074 | D:6      | Found a staircase to the Ecumenical Temple.
  5080 | D:6      | Noticed Pikel
  5263 | D:6      | Killed Pikel
  5263 | D:6      | Reached skill level 12 in Axes
  5295 | Temple   | Entered the Ecumenical Temple
  5980 | D:6      | Reached XP level 9. HP: 79/79 MP: 8/8
  6218 | D:6      | Reached skill level 13 in Axes
  6453 | D:7      | Noticed Prince Ribbit
  6461 | D:7      | Killed Prince Ribbit
  6535 | D:7      | Found a blossoming altar of Fedhas.
  6631 | D:7      | Noticed Maggie
  6641 | D:7      | Killed Maggie
  6870 | D:7      | Reached skill level 14 in Axes
  7246 | D:7      | Noticed Joseph
  7267 | D:7      | Killed Joseph
  7267 | D:7      | Reached XP level 10. HP: 76/91 MP: 9/9
  7689 | D:8      | Reached **** piety under Trog
  7818 | D:8      | Noticed Maurice
  7857 | D:8      | Killed Maurice
  7857 | D:8      | Reached skill level 15 in Axes
  7965 | D:8      | Found Jatzieciq's Weapon Emporium.
  8039 | D:8      | Noticed Erica
  8059 | D:8      | Killed Erica
  8125 | D:8      | Reached skill level 10 in Fighting
  8324 | D:8      | Noticed Grum
  8362 | D:8      | Killed Grum
  8424 | D:8      | Found a stormy altar of Qazlal.
  8835 | D:8      | Reached skill level 16 in Axes
  9105 | D:9      | Got a twitching steel ring
  9106 | D:9      | Lost intelligence.
  9106 | D:9      | Identified the ring "Hobromit" {rElec rC+ rN+ Int-4 SInv}
                  | (You found it on level 9 of the Dungeon)
  9141 | D:9      | Found a snail-covered altar of Cheibriados.
  9223 | D:9      | Noticed Gastronok
  9255 | D:9      | Killed Gastronok
  9255 | D:9      | Reached XP level 11. HP: 92/105 MP: 10/10
  9700 | D:9      | Found an ancient bone altar of Kikubaaqudgha.
  9700 | D:9      | Found an opulent altar of Gozag.
  9988 | D:9      | Found a roughly hewn altar of Beogh.
 11078 | D:10     | Entered Level 10 of the Dungeon
 11163 | D:10     | Gained mutation: You tend to lose your temper in combat.
                  | [potion of mutation]
 11163 | D:10     | Gained mutation: You evolve. [potion of mutation]
 11163 | D:10     | Gained mutation: Your flesh is heat resistant. (rF+)
                  | [potion of mutation]
 11164 | D:10     | Lost mutation: You tend to lose your temper in combat.
                  | [potion of mutation]
 11164 | D:10     | Lost mutation: You evolve. [potion of mutation]
 11164 | D:10     | Lost mutation: Your flesh is heat resistant. (rF+) [potion
                  | of mutation]
 11164 | D:10     | Gained mutation: You do not regenerate when monsters are
                  | visible. [potion of mutation]
 11164 | D:10     | Lost mutation: You do not regenerate when monsters are
                  | visible. [potion of mutation]
 11164 | D:10     | Gained mutation: You are resistant to hostile enchantments.
                  | (MR+) [potion of mutation]
 11492 | D:10     | Found an ornate altar of the Wu Jian Council.
 11738 | D:10     | Killed an unseen horror
 11906 | D:10     | Found a staircase to the Lair.
 11906 | D:10     | Noticed a two-headed ogre
 11913 | D:10     | Killed a two-headed ogre
 12056 | Lair:1   | Entered Level 1 of the Lair of Beasts
 12093 | Lair:1   | Reached skill level 15 in Fighting
 13371 | Lair:2   | Found a staircase to the Swamp.
 13782 | Lair:1   | Reached XP level 12. HP: 54/122 MP: 11/11
 14045 | Lair:1   | Reached skill level 1 in Shields
 14451 | Lair:2   | Lost mutation: You are resistant to hostile enchantments.
                  | (MR+) [potion of mutation]
 14451 | Lair:2   | Gained mutation: You are surrounded by a mild repulsion
                  | field. (EV +2) [potion of mutation]
 14451 | Lair:2   | Gained mutation: Your body sometimes deteriorates upon
                  | taking damage. [potion of mutation]
 14451 | Lair:2   | Gained mutation: You have a pair of large horns on your
                  | head. [potion of mutation]
 14451 | Lair:2   | Gained mutation: Your muscles are strong. (Str +2) [potion
                  | of mutation]
 14504 | Lair:2   | Reached ***** piety under Trog
 14504 | Lair:2   | Received a gift from Trog
 14608 | Lair:2   | Noticed a four-headed hydra
 14650 | Lair:2   | Killed a four-headed hydra
 15004 | Lair:2   | Noticed a four-headed hydra
 15019 | Lair:2   | Killed a six-headed hydra
 15019 | Lair:2   | Reached skill level 5 in Armour
 15494 | Lair:3   | Upgraded the game from 0.25-a0-488-g03579ab4a3 to
                  | 0.25-a0-492-g44cc58d149
 16037 | Lair:4   | Found a hole to the Spider Nest.
 17167 | Lair:5   | Lost mutation: You have a pair of large horns on your head.
                  | [potion of mutation]
 17167 | Lair:5   | Lost mutation: Your body sometimes deteriorates upon taking
                  | damage. [potion of mutation]
 17167 | Lair:5   | Lost mutation: Your muscles are strong. (Str +2) [potion of
                  | mutation]
 17167 | Lair:5   | Gained mutation: You are somewhat resistant to further
                  | mutation. [potion of mutation]
 17569 | Lair:5   | Reached skill level 17 in Axes
 17761 | Lair:6   | Entered Level 6 of the Lair of Beasts
 17774 | Lair:6   | Noticed a seven-headed hydra
 17779 | Lair:6   | Killed a seven-headed hydra
 18227 | Lair:6   | Noticed a six-headed hydra
 18246 | Lair:6   | Killed a six-headed hydra
 18246 | Lair:6   | Reached skill level 18 in Axes
 18308 | Lair:6   | Noticed an eight-headed hydra
 18555 | Lair:6   | Noticed a catoblepas
 18667 | Lair:6   | Reached XP level 13. HP: 128/128 MP: 12/12
 19320 | Lair:6   | Reached skill level 10 in Armour
 19754 | Lair:6   | Found a staircase to the Slime Pits.
 20315 | Lair:6   | Noticed a dire elephant
 20315 | Lair:6   | Noticed a dire elephant
 20333 | Lair:6   | Killed a dire elephant
 20347 | Lair:6   | Killed a dire elephant
 20844 | Lair:6   | Noticed a dire elephant
 20863 | Lair:6   | Killed a dire elephant
 20973 | Lair:6   | Noticed a dire elephant
 21026 | Lair:6   | Killed a dire elephant
 21026 | Lair:6   | Reached skill level 19 in Axes
 21364 | D:11     | Received a gift from Trog
 22059 | D:11     | Found a staircase to the Orcish Mines.
 22155 | D:11     | Found a runed translucent gate.
 22156 | D:11     | Found a runed translucent gate.
 22156 | D:11     | Noticed a tengu reaver
 22156 | D:11     | Noticed Torious's ghost (journeyman DECj)
 22157 | D:11     | Found a runed translucent gate.
 22480 | Orc:1    | Entered Level 1 of the Orcish Mines
 22814 | Orc:2    | Entered Level 2 of the Orcish Mines
 22814 | Orc:2    | Found a staircase to the Elven Halls.
 22820 | Orc:2    | Reached XP level 14. HP: 133/137 MP: 13/13
 23434 | Orc:2    | Reached skill level 20 in Axes
 23478 | Orc:2    | Received a gift from Trog
 25096 | Orc:2    | Received a gift from Trog
 25097 | Orc:2    | Got a blackened battleaxe {god gift}
 25098 | Orc:2    | Identified the +2 battleaxe "Gifauwuh" {vorpal, Fragile
                  | +Fly rPois} (Trog gifted it to you on level 2 of the Orcish
                  | Mines)
 25751 | Orc:2    | Found Cyni's Antique Armour Boutique.
 25751 | Orc:2    | Found Ula Ceuv's Gadget Shoppe.
 25753 | Orc:2    | Found Mimiowk's Antique Armour Emporium.
 25755 | Orc:2    | Found Jeadgh's Distillery.
 25762 | Orc:2    | Bought a warped plate armour for 1008 gold pieces
 25772 | Orc:2    | Identified the +1 plate armour of the Shoals {rCorr Int+4}
                  | (You bought it in a shop on level 2 of the Orcish Mines)
 25790 | Orc:2    | Bought a potion of mutation for 104 gold pieces
 25790 | Orc:2    | Bought a potion of mutation for 104 gold pieces
 25790 | Orc:2    | Bought 2 potions of curing for 78 gold pieces
 25790 | Orc:2    | Bought a potion of haste for 130 gold pieces
 25790 | Orc:2    | Lost mutation: You are surrounded by a mild repulsion
                  | field. (EV +2) [potion of mutation]
 25790 | Orc:2    | Lost mutation: You are somewhat resistant to further
                  | mutation. [potion of mutation]
 25790 | Orc:2    | Gained mutation: You are weak. (Str -2) [potion of
                  | mutation]
 25790 | Orc:2    | Lost mutation: You are weak. (Str -2) [potion of mutation]
 25790 | Orc:2    | Gained mutation: You have supernaturally acute eyesight.
                  | (SInv) [potion of mutation]
 25791 | Orc:2    | Gained mutation: You are occasionally teleported next to
                  | monsters. [potion of mutation]
 25791 | Orc:2    | Gained mutation: You have sharp fingernails. [potion of
                  | mutation]
 25791 | Orc:2    | Gained mutation: Your mind is acute. (Int +2) [potion of
                  | mutation]
 27643 | D:13     | Received a gift from Trog
 27993 | D:13     | Reached skill level 21 in Axes
 28614 | D:14     | Found Feoniasm's Magic Scroll Shop.
 29221 | D:14     | Got a scorched ring mail
 29262 | D:13     | Identified the +4 ring mail "Muw Kough" {rF+ MR+ Int-2
                  | Stlth+} (You found it on level 14 of the Dungeon)
 29355 | D:14     | Found a gate to the Vaults.
 29908 | D:11     | Lost mutation: Your mind is acute. (Int +2) [potion of
                  | mutation]
 29908 | D:11     | Lost mutation: You are occasionally teleported next to
                  | monsters. [potion of mutation]
 29908 | D:11     | Gained mutation: Armour fits poorly on your strangely
                  | shaped body. [potion of mutation]
 29908 | D:11     | Gained mutation: You expend magic power (3 MP) to
                  | strengthen your wands. [potion of mutation]
 29908 | D:11     | Gained mutation: You have large cloven feet. [potion of
                  | mutation]
 29908 | D:11     | Gained mutation: You are resistant to hostile enchantments.
                  | (MR+) [potion of mutation]
 30043 | D:14     | Bought a scroll of identify for 26 gold pieces
 30043 | D:14     | Bought a scroll of identify for 26 gold pieces
 30043 | D:14     | Bought a scroll of identify for 26 gold pieces
 30258 | D:14     | Received a gift from Trog
 30634 | D:15     | Entered Level 15 of the Dungeon
 31230 | D:15     | Reached skill level 22 in Axes
 31416 | D:15     | Found a staircase to the Depths.
 31619 | D:15     | Reached XP level 15. HP: 139/145 MP: 14/14
 32056 | Spider:1 | Entered Level 1 of the Spider Nest
 32855 | Slime:1  | Entered Level 1 of the Pits of Slime
 32857 | Slime:1  | Noticed an azure jelly
 32874 | Slime:1  | HP: 1/145 [azure jelly (21)]
 32875 | Slime:1  | Mangled by an azure jelly

Levels and vault maps discovered:
D:1:      evilmike_arrival_crescent, layout_rooms,
          corexii_item_surrounded_by_moat
D:2:      layout_basic, lemuel_doored_altar, nemelex_xobeh_ov_fountains_minmay,
          minmay_misc_feat_more_columns, minmay_misc_feat_tiny,
          minmay_mini_jars, uniq_sigmund
D:3:      layout_basic, old_standard_altar, uniq_grinder, uniq_natasha
D:4:      layout_basic, cheibrodos_ashenzari_chains, nicolae_ru_path_of_blood,
          nicolae_overflow_crystal_walls, first_ration, enter_ossuary_3,
          uniq_menkaure, uniq_ijyb
D:5:      layout_rooms, zin_statuary, gammafunk_ghost_grave
D:6:      layout_gridville, minmay_temple_entry_grid, ebering_ghost_rock_garden,
          uniq_pikel
D:7:      layout_basic, fedhas_bush_and_centaur_altar, grunt_ogre_cave,
          dk_vineyard_2, uniq_maggie, uniq_joseph, uniq_prince_ribbit1
D:8:      layout_loops_ring, grunt_qazlal_sundering, serial_shops,
          kennysheep_mini_moat, grunt_ministairs_12, uniq_erica, uniq_grum,
          uniq_maurice
D:9:      layout_cave_pods, slow_altar_1,
          chequers_temple_overflow_statue_of_worship, special_room
          [special_room_orc], uniq_gastronok
D:10:     layout_irregular_city, lair_entry_dummy, basic_altar
D:11:     layout_small_grid, erik_orc_4, gammafunk_ghost_split
D:12:     layout_irregular_city, minmay_fractal_squares_diagonal_5
D:13:     layout_gridville
D:14:     layout_loops_ring, david_vaults_2, glass_columns_a, serial_shops,
          shop, hex_tiny
D:15:     hangedman_depths_entry_civil_slaughter, layout_grid_maze,
          elyvilon_altar_5, skrybe_limestone_x
Temple:   chequers_temple_sunken
Lair:1:   layout_loops_ring, serial_bayou_shore_a
Lair:2:   minmay_lair_oklob_tunnel, layout_chaotic_city, swamp_mist,
          chequers_serial_rivers_micro_a, beast_lair_carwin_2, lemuel_fruit_tree
Lair:3:   layout_regular_city, minmay_lair_oklob_chamber
Lair:4:   layout_regular_city, dummy_spider_entry, infiniplex_staircase_pool
Lair:5:   layout_regular_city, st_stairs_8, dpeg_oklob_1
Lair:6:   due_jungle_book, layout_misc_corridors,
          minmay_slime_entry_jelly_boxes, special_room
          [special_room_mythical_zoo], chequers_serial_rivers_micro_d
Spider:1: layout_spider_delve, gammafunk_ghost_tricky_traps, drop_trap
Slime:1:  layout_caves
Orc:1:    layout_caves, nicolae_volcano_entry_batcave
Orc:2:    st_orc_rangers, layout_caves

Skill      XL: |  1  2  3  4  5  6  7  8  9 10 11 12 13 14 |
---------------+-------------------------------------------+-----
Axes           | 4 5 8 9 10 12 14 16 18 19 22 | 22.5
Fighting       | 7 9 12 15 16 | 16.5
Shields        | 4 |  4.4
Armour         | 6 10 | 10.9
Dodging        | |  2.1

Action                   |  1- 3 |  4- 6 |  7- 9 | 10-12 | 13-15 || total
-------------------------+-------+-------+-------+-------+-------++-------
Melee: Hand axe          |    45 |    83 |     7 |     2 |       ||   137
       Headbutt          |     4 |    16 |    36 |   122 |   177 ||   355
       War axe           |       |       |   189 |   436 |       ||   625
       Broad axe         |       |       |       |   170 |   114 ||   284
       Battleaxe         |       |       |       |       |   358 ||   358
       Executioner's axe |       |       |       |       |   309 ||   309
 Fire: Hunting sling     |    10 |    63 |   145 |   183 |       ||   401
       Shortbow          |       |       |       |       |   216 ||   216
Throw: Stone             |    21 |       |       |       |       ||    21
       Dart              |       |       |     8 |    24 |    36 ||    68
Invok: Trog's Hand       |       |     2 |     4 |     6 |     2 ||    14
       Berserk           |       |     1 |     2 |     1 |     3 ||     7
       Brothers in Arms  |       |       |       |     8 |     1 ||     9
Evoke: Wand              |       |       |     4 |     9 |    16 ||    29
  Use: Scroll            |       |       |     4 |    11 |    20 ||    35
       Potion            |       |       |       |     7 |    12 ||    19
 Stab: Paralysed         |       |       |     6 |       |       ||     6
  Eat: Chunk             |       |     6 |    16 |    42 |    33 ||    97
       Ration            |       |       |     1 |     2 |     7 ||    10
Armor: Animal skin       |     7 |       |       |       |       ||     7
       Ring mail         |       |    21 |    27 |       |       ||    48
       Chain mail        |       |       |    53 |       |       ||    53
       Plate armour      |       |       |       |   343 |   461 ||   804
       Pearl dragon scal |       |       |       |       |    59 ||    59
Dodge: Dodged            |    32 |    38 |    86 |   205 |   615 ||   976
Block: Buckler           |       |       |    22 |    92 |    28 ||   142

Table legend:
 A = Non-vault XP
 B = Vault XP
 C = Vault XP percentage of total XP
 D = Non-vault monster count
 E = Vault monster count
 F = Vault count percentage of total count
                 A         B        C        D         E       F
            +---------+---------+-------+---------+---------+-------
      Total |   77852 |   31335 |  28.7 |     555 |     173 |  23.8
            +---------+---------+-------+---------+---------+-------
        D:1 |      22 |       0 |   0.0 |      13 |       0 |   0.0
        D:2 |      94 |     274 |  74.5 |      12 |      11 |  47.8
        D:3 |     251 |     302 |  54.6 |      25 |       2 |   7.4
        D:4 |     271 |     209 |  43.5 |      16 |       5 |  23.8
        D:5 |     295 |       0 |   0.0 |      11 |       0 |   0.0
        D:6 |     855 |     663 |  43.7 |      19 |       1 |   5.0
        D:7 |    1037 |    1374 |  57.0 |      23 |       5 |  17.9
        D:8 |    2521 |    1832 |  42.1 |      35 |       8 |  18.6
        D:9 |    2372 |    2569 |  52.0 |      30 |      26 |  46.4
       D:10 |    3470 |       0 |   0.0 |      31 |       0 |   0.0
       D:11 |    5291 |     551 |   9.4 |      35 |      16 |  31.4
       D:12 |    2817 |     276 |   8.9 |      25 |       3 |  10.7
       D:13 |    7896 |       0 |   0.0 |      45 |       0 |   0.0
       D:14 |    6920 |    1727 |  20.0 |      28 |       3 |   9.7
       D:15 |    5271 |    2817 |  34.8 |      17 |       3 |  15.0
     Lair:1 |    3056 |       0 |   0.0 |      17 |       0 |   0.0
     Lair:2 |    4059 |    1877 |  31.6 |      19 |       7 |  26.9
     Lair:3 |    1106 |       0 |   0.0 |       6 |       0 |   0.0
     Lair:4 |    1916 |       0 |   0.0 |       7 |       0 |   0.0
     Lair:5 |    5037 |     822 |  14.0 |      24 |       4 |  14.3
     Lair:6 |   12736 |   10268 |  44.6 |      28 |      40 |  58.8
   Spider:1 |    3748 |       0 |   0.0 |      12 |       0 |   0.0
      Orc:1 |    3616 |     733 |  16.9 |      46 |       4 |   8.0
      Orc:2 |    3195 |    5041 |  61.2 |      31 |      35 |  53.0
            +---------+---------+-------+---------+---------+-------
